Unix NetHack Version 5.0.0-0 post-release - last build May 17 2026 04:57:42 (dc50c8380fa5e20985bfe3072449f57b8d9895ef,branch:main).

Game began 2026-05-18 21:06:20, ended 2026-05-18 21:14:03.

Brudee, chaotic female human Wizard

                                                       ---
                                                    ----.--
                                                    |.....---
                                     -            ---.......|
                                     |.         ---.........--
                                    --....    ---............|
                             |    ---........ |..............|
                        ..............G......................-----          .--
                                        -...@..*.G.%)h...........##--  .......|
                                        -----.......>..........-  ........-
                                            --.....---......h@f.......-
                                             |.....  |.....|..-- .....-
                                             -....- --....-----  -  ......
                                             .....  |...<.|         -#- ##-
                                           ...---   -....--
                                          ..--     |.....|
                                        ...        |....--
                                       --.-        --...
                                        --          ---.-
                                                      ---
Brudee the Conjurer       St:7 Dx:13 Co:13 In:18 Wi:11 Ch:13  Chaotic S:886
Dlvl:4  $:298 HP:0(27) Pw:18(34) AC:4  Xp:4/107 T:1227  Hungry   Burdened

Latest messages:
 In what direction? h
 The spell hits the gnome!
 You kill the gnome!
 The spell hits the gnome!
 You kill the gnome!
 The gnome picks up 2 daggers.
 You see here a dagger.
 The gnome throws a dagger!
 You are hit by a dagger.
 The gnome wields a dagger!
 The dagger welds itself to the gnome's hand!
 The gnome thrusts his dagger.
 The gnome hits!
 You are beginning to feel hungry.
 You hit the gnome.
 You see here 2 daggers.
 In what direction? h
 The spell hits the gnome!
 You kill the gnome!
 The kitten picks up a candle.
 What do you want to wield? [- arz or ?*] <space>
 Never mind.
 What do you want to wield? [- arz or ?*] ?
 What do you want to wield? [- arz or ?*] <space>
 Never mind.
 The kitten drops a candle.
 The dwarf picks up a food ration.
 The kitten bites the dwarf.
 The dwarf swings his pick-axe at the kitten.
 The dwarf hits the kitten.
 What do you want to zap? [coBG or ?*] ?
 What do you want to zap? [coBG or ?*] <space>
 Never mind.
 The dwarf picks up a blue gem.
 The kitten picks up a candle.
 The kitten drops a candle.
 The gnome is hit by a rock!
 The gnome is killed!
 The kitten picks up a candle.
 The dwarf swings his broad pick.
 The dwarf misses!
 The werejackal changes into a human.
 A cloud of gas puts you to sleep!
 The dwarf picks up 11 rocks.
 The dwarf picks up a thonged club.
 The dwarf swings his broad pick.
 The dwarf hits!
 You die...
 Do you want your possessions identified? [ynq] (y) y
 Do you want to see your attributes? [ynq] (y) q

Inventory:
 Coins    ('$')
  $ - 298 gold pieces
 Weapons  (')')
  z - the blessed +0 Sting (weapon in right hand)
  a - a blessed +1 quarterstaff
  r - a +0 scimitar
 Armor    ('[')
  E - a blessed +1 orcish helm (being worn)
  b - an uncursed +0 cloak of magic resistance (being worn)
  y - an uncursed +0 studded leather armor (being worn)
 Comestibles  ('%')
  D - an uncursed food ration
  F - an uncursed lembas wafer
  v - an uncursed lichen corpse
 Scrolls  ('?')
  A - an uncursed scroll of blank paper
  i - an uncursed scroll of light
  k - 2 uncursed scrolls of magic mapping
  j - an uncursed scroll of taming
  u - an uncursed scroll of teleportation
 Spellbooks  ('+')
  m - an uncursed spellbook of detect monsters
  s - an uncursed spellbook of detect monsters
  l - a blessed spellbook of force bolt
  t - an uncursed spellbook of healing
  w - an uncursed spellbook of sleep
 Potions  ('!')
  f - a blessed potion of oil
  g - an uncursed potion of oil
  h - an uncursed potion of sickness
 Rings    ('=')
  e - an uncursed ring of poison resistance
  x - a cursed ring of see invisible
  d - an uncursed ring of stealth
 Wands    ('/')
  B - a wand of digging (0:8)
  c - a wand of digging (0:5)
  o - a wand of magic missile (0:4)
  G - a wand of undead turning (0:4)
 Tools    ('(')
  n - a magic marker (0:20)
 Gems/Stones  ('*')
  p - an uncursed worthless piece of red glass

Brudee the Wizard's attributes:

Background:
 You were a Conjurer, a level 4 female human Wizard.
 You were chaotic, nominally on a mission for Anhur
 who was opposed by Ptah (lawful) and Thoth (neutral).
 You were right-handed.
 You were in the Gnomish Mines, on level 4.
 You entered the dungeon 1227 turns ago.
 There was a new moon in effect when your adventure ended.
 You had 107 experience points, 53 more were needed to attain level 5.
 Your score was 886 before end-of-game adjustments.

Basics:
 You had 0 out of 27 hit points.
 You had 18 out of 34 energy points (spell power).
 Your armor class was 4.
 Your wallet contained 298 zorkmids.
 Autopickup was on for '$!=+?/"' plus thrown.

Final Characteristics:
 Your strength was 7 (limit:18/100).
 Your dexterity was 13 (limit:18).
 Your constitution was 13 (limit:18).
 Your intelligence was 18 (limit:18).
 Your wisdom was 11 (limit:18).
 Your charisma was 13 (limit:18).

Final Status:
 You were hungry.
 You were burdened; movement was slightly slowed.
 You were wielding a dagger.
 You were unskilled in dagger.

Final Attributes:
 You were devoutly aligned.
 You were magic-protected.
 You were aware of the presence of orcs.
 You were warded.
 You are dead.

Miscellaneous:
 You didn't encounter any bones levels.
 Total elapsed playing time was 7 minutes and 42 seconds.

Major events:
 Turn
    1: Brudee the chaotic female human Wizard entered the dungeon
  775: attained the rank of Conjurer (level 3)
  874: chose a runed dagger to be named "Sting"
 1176: entered the Gnomish Mines
 1227: killed by a dwarf, while sleeping

Spells:
 Name                 Level Category     Fail Retention
 force bolt             1   attack         0%  91%-100%
 detect monsters        1   divination     0%  76%-100%

Skills:
 Fighting Skills
   bare handed combat [Unskilled]
   riding             [Unskilled]
 Weapon Skills
   dagger             [Unskilled]
   knife              [Unskilled]
   axe                [Unskilled]
   short sword        [Unskilled]
   club               [Unskilled]
   mace               [Unskilled]
   quarterstaff       [Basic]
   polearms           [Unskilled]
   spear              [Unskilled]
   trident            [Unskilled]
   sling              [Unskilled]
   dart               [Unskilled]
   shuriken           [Unskilled]
 Spellcasting Skills
   attack spells      [Basic]
   healing spells     [Unskilled]
   divination spells  [Unskilled]
   enchantment spells [Basic]
   clerical spells    [Unskilled]
   escape spells      [Unskilled]
   matter spells      [Unskilled]

Voluntary challenges:
 Character rerolling was not enabled.
 You were an atheist.
 You never genocided any monsters.
 You never polymorphed an object.
 You never changed form.
 You used no wishes.
Achievements:
 You attained the rank of Conjurer.
 You entered the Gnomish Mines.

 The Dungeons of Doom: levels 1 to 3
    Level 1:
    Level 2:
       A fountain.
    Level 3:
       Stairs down to The Gnomish Mines.
 The Gnomish Mines:
    Level 4: <- You were here.
       Final resting place for
          you, killed by a dwarf, while sleeping.


Vanquished creatures:
  a gnome leader
  a hobbit
  a hobgoblin
  a red mold
  7 gnomes
  2 geckos
  2 jackals
  2 foxes
  2 goblins
  a grid bug
  4 lichens
  a newt
25 creatures vanquished.

No species were genocided or became extinct.

Game over:
                       ----------
                      /          \
                     /    REST    \
                    /      IN      \
                   /     PEACE      \
                  /                  \
                  |      Brudee      |
                  |      298 Au      |
                  |   killed by a    |
                  |      dwarf       |
                  |                  |
                  |                  |
                  |       2026       |
                 *|     *  *  *      | *
        _________)/\\_//(\/(/\)/\//\/|_)_______

Goodbye Brudee the Wizard...

You died in The Gnomish Mines on dungeon level 4 with 857 points,
and 298 pieces of gold, after 1227 moves.
You were level 4 with a maximum of 27 hit points when you died.

